 Dungeon Crawl Stone Soup version 0.29-a0-284-gf9362112df (webtiles) character file.

Game seed: 751937049840078933

1516 sammy202020 the Skirmisher (level 8, 0/79 HPs)
             Began as a Gargoyle Berserker on Mar 20, 2022.
             Was a Priest of Trog.
             Slain by a gnoll
             ... wielding a +0 scythe
              (9 damage)
             ... on level 5 of the Dungeon.
             The game lasted 00:10:12 (5630 turns).

sammy202020 the Skirmisher (Gargoyle Berserker)     Turns: 5630, Time: 00:10:12

Health: 0/79       AC: 20    Str: 21    XL:     8   Next: 83%
Magic:  8/8        EV: 11    Int: 10    God:    Trog [***...]
Gold:   262        SH:  5    Dex:  9    Spells: 7/7 levels left

rFire   + . .      SeeInvis .   a - +1 mace (vorpal)
rCold   . . .      Faith    .   (no shield)
rNeg    + . .      Spirit   .   p - +0 ring mail
rPois   ∞          Reflect  +   b - +1 helmet
rElec   +          Harm     .   (no cloak)
rCorr   .          Rampage  .   l - +0 pair of gloves
Will    ++...                   r - +0 pair of boots
Stlth   ..........              w - amulet of reflection
HPRegen 1.23/turn               B - +4 ring of protection
MPRegen 0.11/turn               v - ring of protection from fire

@: berserking, strong-willed, regenerating, very quick
A: sickness immunity, AC +5, negative energy resistance 1, electricity
resistance, torment resistance 1, petrification resistance
a: Renounce Religion, Berserk, Trog's Hand


You were on level 5 of the Dungeon.
You worshipped Trog.
Trog was most pleased with you.
You visited 1 branch of the dungeon, and saw 5 of its levels.
You also visited: Ossuary.

You collected 262 gold pieces.

Inventory:

Hand Weapons
 a - a +1 vorpal mace (weapon)
 d - a +0 club
Missiles
 m - 4 boomerangs (quivered)
 y - 2 curare-tipped darts
Armour
 b - a +1 helmet (worn)
 l - a +0 pair of gloves (worn)
 p - a +0 ring mail (worn)
 r - a +0 pair of boots (worn)
Jewellery
 f - a ring of flight
 o - a +6 ring of dexterity
 v - a ring of protection from fire (right hand)
 w - an amulet of reflection (around neck)
 B - a +4 ring of protection (left hand)
Scrolls
 e - 3 scrolls of immolation
 t - 2 scrolls of enchant weapon
 D - a scroll of enchant armour
Potions
 c - 3 potions of might
 g - 3 potions of berserk rage
 j - a potion of haste {unknown}
 k - 2 potions of brilliance
 q - a potion of flight {unknown}
 s - 2 potions of curing {unknown}
 u - 4 potions of heal wounds
 z - a potion of ambrosia {unknown}
 C - 2 potions of attraction {unknown}
 E - a potion of cancellation {unknown}
 G - a potion of magic {unknown}


   Skills:
 * Level 7.1 Fighting
 * Level 6.5 Maces & Flails
 * Level 6.4 Armour
 + Level 3.6 Dodging


You had 7 spell levels left.
You didn't know any spells.
Your spell library was empty.

Dungeon Overview and Level Annotations

Branches:
Dungeon (5/15)             Temple (0/1) D:4         Ossuary (visited)

Altars:

Shops:
D:3 [


Innate Abilities, Weirdness & Mutations

You are immune to sickness and miasma.
Your stone body is resilient. (AC +5)
You are immune to poison.
You resist negative energy. (rN+)
You are resistant to electric shocks. (rElec)
You are resistant to unholy torment.
You are immune to petrification.


Message History

You are too injured to fight recklessly!
You are too injured to fight recklessly!
You are too injured to fight recklessly!
You are too injured to fight recklessly!
You are too injured to fight recklessly!
You are too injured to fight recklessly!
You are too injured to fight recklessly!
You are too injured to fight recklessly!
You are too injured to fight recklessly!
You are too injured to fight recklessly!
You are too injured to fight recklessly!
You are too injured to fight recklessly!
You are too injured to fight recklessly!
Unknown command.
Your skin crawls.
You feel strong-willed. The hound barely misses you. The gnoll misses you.
The gnoll hits you from afar with a +0 scythe.
* * * LOW HITPOINT WARNING * * *
A red film seems to cover your vision as you go berserk!
You feel yourself moving faster!
You feel mighty! The hound bites you but does no damage.
The ogre closely misses you.
The gnoll hits you from afar with a +0 scythe!
* * * LOW HITPOINT WARNING * * *
The hound closely misses you. The gnoll barely misses you.
You feel a strong urge to attack something.
The hound misses you.
You bludgeon the ogre!!
You kill the ogre!
Trog accepts your kill. The gnoll hits you but does no damage.
You block the gnoll's attack. The hound bites you but does no damage.
You barely miss the gnoll. You block the gnoll's attack.
The gnoll closely misses you. The hound closely misses you.
You barely miss the gnoll. The hound bites you but does no damage.
You sock the gnoll!
You kill the gnoll!
Trog accepts your kill. The gnoll hits you with a +0 scythe!
You die...

..#........ .... ...
#.#.####. ...
....#.#...... ..
..#..#.######.
.####.####. #..#<# #....
....#..... #..#.# #.##.
.........##.#.##.###.##.
###...)g....#...........
......)@h####..#.###.##.
###.###..........# # #.
.######.####..### #.
........####..#####. #.
###................. ..
........####..###### .>
###.##### #.......+ ..
#. ##.###### # #.#


You could see a hound and a gnoll.

Vanquished Creatures
  An ogre (D:5)
  A bullfrog (D:4)
  A necrophage (D:4)
  12 scorpions
  4 centaur zombies (Ossuary)
  A gnoll shaman (D:4)
  2 hounds (D:3)
  Jessica (D:3)
  Natasha (D:3)
  Terence (D:2)
  2 scorpion zombies (Ossuary)
  An iguana (D:4)
  4 mummies
  Robin (D:2)
  7 gnolls
  3 adders (D:4)
  A worm (D:2)
  4 dart slugs
  An orc (D:3)
  6 endoplasms
  2 giant cockroaches
  12 goblins
  12 hobgoblins
  2 jackals (D:2)
  5 quokkas
  7 ball pythons
  A bat (D:3)
  5 frilled lizards
  A gnoll zombie (Ossuary)
  3 goblin zombies (Ossuary)
  2 hobgoblin zombies (Ossuary)
  3 kobolds
  An orc zombie (Ossuary)
  4 rats
115 creatures vanquished.

Notes
Turn   | Place    | Note
-------+----------+-------------------------------------------
     0 | D:1      | sammy202020 the Gargoyle Berserker began the quest for the
                  | Orb.
     0 | D:1      | Reached XP level 1. HP: 14/14 MP: 1/1
   133 | D:1      | Reached XP level 2. HP: 10/19 MP: 2/2
   916 | D:1      | Reached ** piety under Trog
  1072 | D:2      | Reached XP level 3. HP: 23/23 MP: 3/3
  1074 | D:2      | Noticed Robin
  1110 | D:2      | Killed Robin
  1568 | D:2      | Reached XP level 4. HP: 29/29 MP: 4/4
  1583 | D:2      | Reached skill level 4 in Fighting
  1590 | D:2      | HP: 2/43 [gnoll/+0 spear (3)]
  2735 | D:2      | Noticed Terence
  2741 | D:2      | Killed Terence
  2742 | D:2      | Reached XP level 5. HP: 33/33 MP: 5/5
  3081 | D:3      | Noticed Jessica
  3093 | D:3      | Killed Jessica
  3216 | D:3      | Found a faded altar of an unknown god.
  3442 | D:3      | Reached XP level 6. HP: 39/39 MP: 6/6
  3640 | D:3      | Found Meal's Armour Shop.
  3669 | D:3      | Noticed Natasha
  3682 | D:3      | Killed Natasha
  3828 | D:4      | Found a staircase to the Ecumenical Temple.
  3969 | D:4      | Reached skill level 5 in Fighting
  4106 | D:4      | Reached XP level 7. HP: 19/44 MP: 7/7
  4295 | D:4      | Reached skill level 5 in Maces & Flails
  4647 | D:5      | Entered Level 5 of the Dungeon
  4716 | D:5      | Found a sand-covered staircase.
  4725 | D:5      | Reached *** piety under Trog
  4730 | Ossuary  | Entered an ossuary
  4855 | Ossuary  | Reached skill level 5 in Armour
  4918 | Ossuary  | Reached skill level 6 in Fighting
  4980 | Ossuary  | Reached XP level 8. HP: 44/51 MP: 8/8
  5316 | Ossuary  | Reached skill level 7 in Fighting
  5630 | D:5      | Slain by a gnoll

Illustrated notes

Levels and vault maps discovered:
D:1:      tarquinn_simple_flora_water_e, layout_loops_ring, st_stairs_7
D:2:      layout_basic, nrook_loot_triangle, kennysheep_pointless_box,
          uniq_terence, uniq_robin
D:3:      layout_basic, serial_shops, nicolae_shop_crystal,
          dreamdust_ecumenical_altar_grove, uniq_jessica, uniq_natasha
D:4:      layout_basic, minmay_temple_entry_ruins, amethyst_killhole
D:5:      layout_basic, gup_ossuary_entry_pyramid, dreamdust_gnoll_farm

Skill      XL: |  1  2  3  4  5  6  7  8 |
---------------+-------------------------+-----
Armour         | 3 4 5 6 |  6.4
Fighting       | 4 5 6 7 |  7.1
Dodging        | 2 3 |  3.6
Maces & Flails | 4 5 6 |  6.5

Action                   |  1- 3 |  4- 6 |  7- 9 || total
-------------------------+-------+-------+-------++-------
Melee: Mace              |   129 |   129 |   268 ||   526
       Punch             |       |     2 |     3 ||     5
Invok: Trog's Hand       |     2 |     1 |     2 ||     5
       Berserk           |     1 |     3 |     1 ||     5
  Use: Scroll            |       |     3 |     9 ||    12
Armor: Animal skin       |    16 |       |       ||    16
       Leather armour    |    31 |    11 |       ||    42
       Ring mail         |       |    55 |   203 ||   258
Dodge: Dodged            |    98 |    80 |   188 ||   366
Block: Other             |       |       |    74 ||    74

Table legend: (Time is in decaauts)
 A = Elapsed time spent in this place.
 B = Non-inter-level travel time spent in this place.
 C = Inter-level travel time spent in this place.
 D = Time resting spent in this place.
 E = Time spent auto-exploring this place.
 F = Levels seen in this place.
 G = Mean time per level.
                   A        B        C        D        E       F      G
               +--------+--------+--------+--------+--------+-----+--------+
         Total |   5749 |   5704 |     45 |    505 |   3945 |   6 |  958.2 |
       Dungeon |   4877 |   4832 |     45 |    505 |   3478 |   5 |  975.4 |
       Ossuary |    872 |    872 |      0 |      0 |    467 |   1 |  872.0 |
               +--------+--------+--------+--------+--------+-----+--------+

Top non-repeatable levels by time:
     D:2: 2024 daAuts
     D:1: 947 daAuts
     D:4: 907 daAuts
 Ossuary: 872 daAuts
     D:3: 864 daAuts
     D:5: 133 daAuts
